[Event "December 5 Late 2023"]
[Site "https://www.chess.com"]
[Date "2023.12.05"]
[Round "10"]
[White "th3d4rkness"]
[Black "Mohammad, Fahim"]
[Result "0-1"]
[Board "104"]
[TimeControl "180+1"]
[BlackFideId "10206248"]
[WhiteElo "2140"]
[BlackElo "2296"]
[BlackTeam "FRA"]
[WhiteClock "0:00:34"]
[BlackClock "0:00:15"]

1. e4 c5 2. Nf3 e6 3. d3 Nc6 4. Nbd2 g6 5. g3 Bg7 6. Bg2 Nge7 7. O-O d5 8. Re1 b6 9. e5 Qc7 10. Qe2 h6 11. c3 g5 12. h3 Ng6 13. d4 cxd4 14. cxd4 a5 15. b3 Ba6 16. Qd1 Nb4 17. Ba3 O-O 18. Rc1 Qd7 19. Re3 Rfc8 20. Rec3 Rxc3 21. Rxc3 Nxa2 22. Rc2 Nb4 23. Bxb4 axb4 24. Qc1 Rc8 25. Kh2 Ne7 26. Bf1 Bxf1 27. Nxf1 Rxc2 28. Qxc2 Qb5 29. Ne3 Qa5 30. Kg2 Qa3 31. g4 Ng6 32. Kg3 Qa1 33. Ng2 Qc3 34. Qxc3 bxc3 35. Ne3 Nf4 36. Nc2 Ne2+ 37. Kg2 Nc1 38. b4 Bf8 39. Nfe1 Kg7 40. f3 f6 41. exf6+ Kxf6 42. Kf2 e5 43. dxe5+ Kxe5 44. Ke3 d4+ 45. Nxd4 Kd5 46. Nf5 Kc4 47. Nc2 Bxb4 48. Nxh6 Bc5+ 49. Ke4 b5 50. Nf7 b4 51. Nxg5 b3 52. Ne3+ Bxe3 53. Kxe3 b2 0-1

[Event "December 5 Late 2023"]
[Site "https://www.chess.com"]
[Date "2023.12.05"]
[Round "10"]
[White "Desideri, Ricardo Maruchi"]
[Black "Clarke, Matthew"]
[Result "0-1"]
[Board "106"]
[TimeControl "180+1"]
[WhiteFideId "2110440"]
[BlackFideId "3227804"]
[WhiteElo "2019"]
[BlackElo "2225"]
[WhiteTeam "BRA"]
[BlackTeam "AUS"]
[WhiteClock "0:00:00"]
[BlackClock "0:00:13"]

1. e4 e5 2. f4 exf4 3. Bc4 Qh4+ 4. Kf1 d6 5. d4 Bg4 6. Nf3 Qh6 7. Nc3 Ne7 8. Qd3 g5 9. Ne2 Bg7 10. Kg1 Nbc6 11. h4 Bxf3 12. gxf3 Ng6 13. hxg5 Qxg5+ 14. Kf1 O-O-O 15. a4 h5 16. c3 h4 17. b4 h3 18. Rh2 Nge5 19. dxe5 Nxe5 20. Qd5 c6 21. Qa5 Qh5 22. Qxa7 Qxf3+ 23. Ke1 Nxc4 24. Bxf4 Bxc3+ 25. Nxc3 Qxc3+ 0-1

[Event "December 5 Late 2023"]
[Site "https://www.chess.com"]
[Date "2023.12.05"]
[Round "10"]
[White "Einarsson, Halldor Gretar"]
[Black "Lohani, Sujana"]
[Result "1-0"]
[Board "107"]
[TimeControl "180+1"]
[WhiteFideId "2300150"]
[BlackFideId "12311987"]
[WhiteElo "2196"]
[BlackElo "2016"]
[WhiteTeam "ISL"]
[BlackTeam "NEP"]
[WhiteClock "0:00:23"]
[BlackClock "0:00:00"]

1. d4 d6 2. c4 e5 3. Nc3 f5 4. dxe5 dxe5 5. Qxd8+ Kxd8 6. Bg5+ Be7 7. O-O-O+ Nd7 8. Nf3 e4 9. Bxe7+ Nxe7 10. Ng5 Ke8 11. Nb5 h6 12. Nxc7+ Kf8 13. Nge6+ Kf7 14. Nxa8 Kxe6 15. Nc7+ Kf7 16. Nb5 Nb6 17. e3 Be6 18. b3 a6 19. Nd6+ Kf6 20. Nxb7 Rb8 21. Nc5 Nec8 22. Be2 a5 23. Kc2 a4 24. Rd8 axb3+ 25. axb3 Bf7 26. Rhd1 g5 27. R1d6+ Ke7 28. Rd1 Ra8 29. Kb2 1-0

[Event "December 5 Late 2023"]
[Site "https://www.chess.com"]
[Date "2023.12.05"]
[Round "10"]
[White "Martine, Jean-Christophe"]
[Black "Winkels, Marcel"]
[Result "1-0"]
[Board "108"]
[TimeControl "180+1"]
[WhiteFideId "603651"]
[BlackFideId "1003887"]
[WhiteElo "2168"]
[BlackElo "2006"]
[WhiteTeam "FRA"]
[BlackTeam "NED"]
[WhiteClock "0:01:22"]
[BlackClock "0:00:00"]

1. d4 Nf6 2. Nd2 d5 3. Ngf3 g6 4. e3 Bg7 5. Bd3 a5 6. O-O O-O 7. Qe2 c6 8. c3 Nbd7 9. e4 dxe4 10. Nxe4 Nxe4 11. Bxe4 Nf6 12. Bc2 Nd5 13. Bg5 Re8 14. Qd2 Bg4 15. Ne5 Bf5 16. Bxf5 gxf5 17. Bh6 f6 18. Nf3 Bxh6 19. Qxh6 Kh8 20. Nh4 Qd7 21. Rfe1 Rg8 22. Re2 Rg7 23. Kh1 Rag8 24. g3 f4 25. Qh5 Rg5 26. Qf3 Rg4 27. Ng2 Qf5 28. Re4 e5 29. Rae1 Re8 30. c4 Nb4 31. Ne3 1-0

[Event "December 5 Late 2023"]
[Site "https://www.chess.com"]
[Date "2023.12.05"]
[Round "10"]
[White "Cornelison, Paul"]
[Black "Petersson, Kjell"]
[Result "0-1"]
[Board "109"]
[TimeControl "180+1"]
[WhiteFideId "2004186"]
[BlackFideId "1705148"]
[WhiteElo "1912"]
[BlackElo "2160"]
[WhiteTeam "USA"]
[BlackTeam "SWE"]
[WhiteClock "0:00:20"]
[BlackClock "0:01:01"]

1. e4 c5 2. b4 cxb4 3. d4 d5 4. e5 Bf5 5. Bd3 Qd7 6. Ne2 Nc6 7. a3 Bxd3 8. Qxd3 e6 9. O-O Nge7 10. Bd2 Ng6 11. axb4 Nxb4 12. Bxb4 Bxb4 13. c3 Be7 14. f4 O-O 15. Nd2 Rfc8 16. Rf3 a5 17. Nf1 a4 18. Ne3 a3 19. f5 Nh4 20. Rh3 Nxf5 21. Nxf5 exf5 22. g4 g6 23. Ng3 fxg4 24. Rh6 Bg5 25. Nh5 Qf5 26. Qxf5 gxf5 27. Nf6+ Kg7 28. Rxh7+ Kg6 29. h4 Bxf6 30. exf6 Kxh7 31. Ra2 Rxc3 0-1

[Event "December 5 Late 2023"]
[Site "https://www.chess.com"]
[Date "2023.12.05"]
[Round "10"]
[White "Bazzano, Sebastian"]
[Black "Vargas, Mauricio"]
[Result "1-0"]
[Board "111"]
[TimeControl "180+1"]
[WhiteFideId "104566"]
[BlackFideId "4404572"]
[WhiteElo "2220"]
[BlackElo "1823"]
[WhiteTeam "ARG"]
[BlackTeam "COL"]
[WhiteClock "0:01:02"]
[BlackClock "0:00:00"]

1. d4 d5 2. Bf4 h5 3. Nf3 Bg4 4. Ne5 Bf5 5. c3 f6 6. Nf3 g5 7. Bc1 Nh6 8. Qb3 Bc8 9. e4 e6 10. Bd3 dxe4 11. Bxe4 f5 12. Bxb7 Bxb7 13. Qxb7 Nd7 14. Bxg5 Be7 15. Bxe7 Kxe7 16. Qb4+ Kf6 17. Nbd2 Rb8 18. Qa3 Rg8 19. O-O Qe8 20. Rfe1 Qg6 21. g3 h4 22. Nxh4 Qg4 23. Ng2 Rh8 24. c4 Nf7 25. Qe3 Qh3 26. Qxe6+ Kg7 27. Nf1 Nf6 28. Nf4 Qh6 29. Qxf5 Rbg8 30. Nd5 1-0

[Event "December 5 Late 2023"]
[Site "https://www.chess.com"]
[Date "2023.12.05"]
[Round "10"]
[White "Burke, Paul"]
[Black "Smirnov, Timofey"]
[Result "1-0"]
[Board "112"]
[TimeControl "180+1"]
[WhiteFideId "2605767"]
[BlackFideId "24176427"]
[WhiteElo "1798"]
[BlackElo "2031"]
[WhiteTeam "CAN"]
[BlackTeam "RUS"]
[WhiteClock "0:00:21"]
[BlackClock "0:00:00"]

1. e4 e5 2. Nf3 Nf6 3. d3 Nc6 4. Be2 Bc5 5. O-O d6 6. h3 O-O 7. Be3 Bb6 8. Bxb6 axb6 9. Nc3 Be6 10. a3 h6 11. d4 exd4 12. Nxd4 Nxd4 13. Qxd4 Re8 14. Rad1 Qe7 15. f4 Bd7 16. Bf3 Bc6 17. Rfe1 Qd8 18. Nd5 Nxd5 19. exd5 Bd7 20. c4 Qh4 21. Rf1 Qg3 22. Kh1 Re7 23. Rd2 Rae8 24. Rdf2 Re1 25. Qd2 Rxf1+ 26. Rxf1 Bxh3 27. gxh3 Qxh3+ 28. Kg1 Qg3+ 29. Kh1 h5 30. Qg2 Qxf4 31. Qh2 Qxc4 32. Qg2 Re3 33. Qf2 Re5 34. Bg2 g6 35. Qf6 Qh4+ 36. Qxh4 1-0

[Event "December 5 Late 2023"]
[Site "https://www.chess.com"]
[Date "2023.12.05"]
[Round "11"]
[White "Aronian, Levon"]
[Black "Carlsen, Magnus"]
[Result "0-1"]
[Board "1"]
[TimeControl "180+1"]
[WhiteFideId "13300474"]
[BlackFideId "1503014"]
[WhiteElo "3121"]
[BlackElo "3322"]
[WhiteTeam "USA"]
[BlackTeam "NOR"]
[WhiteClock "0:00:00"]
[BlackClock "0:00:22"]

1. d4 d5 2. c4 e6 3. Nf3 Nf6 4. e3 b6 5. Nc3 Bd6 6. cxd5 exd5 7. Qa4+ c6 8. Bd3 O-O 9. O-O Re8 10. Qc2 Ba6 11. b3 Bxd3 12. Qxd3 Nbd7 13. Bb2 Nf8 14. Rac1 Rc8 15. Rc2 Ne6 16. Rfc1 Re7 17. Nb5 Qd7 18. Qe2 Bb8 19. Ne5 Bxe5 20. dxe5 Ne8 21. f4 c5 22. f5 N6c7 23. Nxc7 Nxc7 24. Rf1 Rce8 25. f6 Rxe5 26. Bxe5 Rxe5 27. fxg7 d4 28. Rd2 Nd5 29. Rf3 Qe7 30. Qa6 Nxe3 31. Qc8+ Qe8 32. Qxe8+ Rxe8 33. Rg3 b5 34. h3 c4 35. bxc4 bxc4 36. Rxd4 Nf5 37. Rdg4 h5 38. Rg5 Nxg3 39. Rxg3 Rc8 40. Rc3 Kxg7 41. Kf2 Kf6 42. Ke3 Ke5 43. Kd2 Kd4 44. Rf3 Rg8 45. Rf4+ Kc5 46. g4 Rd8+ 47. Kc2 hxg4 48. hxg4 Rd7 49. Kc3 Rd3+ 50. Kc2 Rg3 51. Rxf7 a5 52. Rc7+ Kb5 53. Rb7+ Kc6 54. Rg7 a4 55. g5 Kc5 56. g6 Rg2+ 57. Kc3 Rg3+ 58. Kc2 Kb4 59. Rg8 Rg2+ 60. Kb1 a3 61. Kc1 Kc3 62. Kd1 Rxa2 63. g7 Rd2+ 64. Kc1 Rg2 65. Kb1 Rg6 66. Ka2 Rg1 67. Rc8 Rxg7 0-1

[Event "December 5 Late 2023"]
[Site "https://www.chess.com"]
[Date "2023.12.05"]
[Round "11"]
[White "Duda, Jan-Krzysztof"]
[Black "Nakamura, Hikaru"]
[Result "0-1"]
[Board "2"]
[TimeControl "180+1"]
[WhiteFideId "1170546"]
[BlackFideId "2016192"]
[WhiteElo "3064"]
[BlackElo "3227"]
[WhiteTeam "POL"]
[BlackTeam "USA"]
[WhiteClock "0:00:00"]
[BlackClock "0:00:07"]

1. e4 e6 2. d4 d5 3. exd5 exd5 4. Nf3 Bd6 5. c4 Nf6 6. Nc3 O-O 7. cxd5 Bb4 8. Bd3 Re8+ 9. Be3 Nxd5 10. O-O Bxc3 11. bxc3 Bg4 12. Bd2 Qf6 13. Rb1 b6 14. Qa4 Nd7 15. Ne5 Nxe5 16. dxe5 Qe6 17. Qc2 g6 18. Rfe1 Rad8 19. Bg5 f6 20. Bh4 Nf4 21. Bb5 Bf5 22. Qa4 Bxb1 23. Qxf4 g5 24. Qa4 Bxa2 25. Bxe8 Rxe8 26. Bg3 f5 27. f3 a5 28. h4 h6 29. hxg5 hxg5 30. Qd4 Qd5 31. Qf2 f4 32. Bxf4 gxf4 33. Qh4 Qf7 34. Re4 Be6 35. Rxf4 Qh7 36. Qg5+ Qg7 37. Qh5 Rf8 38. Rxf8+ Kxf8 39. Qh4 Qxe5 40. Qh6+ Ke7 41. Qh7+ Bf7 42. Qd3 a4 43. c4 Qc5+ 44. Kh2 Qd6+ 0-1

[Event "December 5 Late 2023"]
[Site "https://www.chess.com"]
[Date "2023.12.05"]
[Round "11"]
[White "Firouzja, Alireza"]
[Black "Sarana, Alexey"]
[Result "0-1"]
[Board "3"]
[TimeControl "180+1"]
[WhiteFideId "12573981"]
[BlackFideId "24133795"]
[WhiteElo "3158"]
[BlackElo "3019"]
[WhiteTeam "FRA"]
[BlackTeam "SRB"]
[WhiteClock "0:00:00"]
[BlackClock "0:00:04"]

1. d4 Nf6 2. Bg5 d5 3. e3 c5 4. Bxf6 exf6 5. dxc5 Bxc5 6. c3 Nc6 7. Nf3 Qb6 8. Qb3 Be6 9. Nbd2 O-O 10. Be2 Qc7 11. Qc2 Ne5 12. O-O Rfe8 13. Nd4 a6 14. Rad1 Rad8 15. Rfe1 g6 16. N2b3 Ba7 17. h3 Kg7 18. Bf1 Bb8 19. f4 Nc4 20. Qf2 Nd6 21. Nd2 Bc8 22. Bd3 b5 23. a3 Nc4 24. N2f3 Re7 25. Re2 Rde8 26. Rde1 Ba7 27. Bb1 Qd6 28. Bd3 Bd7 29. Kh2 Nxe3 30. g3 Nc4 31. Kg2 Bb6 32. Kh2 Bc8 33. Kg2 Qd7 34. g4 Qd6 35. Rxe7 Rxe7 36. Rxe7 Qxe7 37. Kg1 Qd6 38. Nh4 Bc7 39. Ng2 Bd7 40. Bf1 Qe7 41. Bd3 Bb6 42. Bf1 Qe4 43. b3 Nxa3 44. Nf5+ Qxf5 45. Qxb6 Qe6 46. Qf2 a5 47. Ne3 b4 48. cxb4 axb4 49. Qd2 Qb6 50. Kh2 Bc6 51. Bg2 d4 52. Nf1 Bxg2 53. Kxg2 Qc6+ 54. Kg1 Qc3 55. Qf2 Qxb3 56. g5 Qd5 57. gxf6+ Kxf6 58. Qh4+ Kg7 59. f5 Qe5 60. Nh2 h5 61. fxg6 fxg6 62. Nf3 Qf6 63. Qe4 Nb5 64. Qb7+ Qf7 65. Qe4 b3 66. Ne5 Qf5 67. Qb7+ Kf6 68. Nd7+ Ke6 69. Qc6+ Ke7 70. Nc5 b2 71. Qb7+ Kd6 72. Ne4+ Ke5 73. Qxb5+ Kxe4 74. Qxb2 d3 75. Qb4+ Ke3 76. Qe1+ Kd4 77. Qb4+ Ke5 78. Qe7+ Kf4 79. Kf2 Qe5 80. Qf7+ Ke4 81. Qxg6+ Kd4 82. Qb6+ Kc3 83. Qc6+ Kd2 84. Qh6+ Kd1 85. Qc6 Qe2+ 86. Kg3 d2 87. Qa4+ Ke1 88. Qb4 Kf1 89. Qf4+ Ke1 90. Qb4 Qe3+ 91. Kg2 Qg5+ 92. Kf3 Qf5+ 93. Ke3 Qf2+ 94. Kd3 Qe2+ 95. Kc2 Qe3 96. Qa5 Qe4+ 97. Kb2 Ke2 98. Qxh5+ Kf2 0-1

[Event "December 5 Late 2023"]
[Site "https://www.chess.com"]
[Date "2023.12.05"]
[Round "11"]
[White "Xiong, Jeffery"]
[Black "Erigaisi Arjun"]
[Result "1-0"]
[Board "4"]
[TimeControl "180+1"]
[WhiteFideId "2047640"]
[BlackFideId "35009192"]
[WhiteElo "3029"]
[BlackElo "3108"]
[WhiteTeam "USA"]
[BlackTeam "IND"]
[WhiteClock "0:00:15"]
[BlackClock "0:00:06"]

1. Nf3 c5 2. e4 d6 3. Nc3 a6 4. d4 cxd4 5. Qxd4 Nc6 6. Qd3 g6 7. Nd5 e6 8. Qc3 f6 9. Nb4 Nxb4 10. Qxb4 Ne7 11. Be3 Nc6 12. Qd2 Qa5 13. Qxa5 Nxa5 14. O-O-O b5 15. Nd2 Bb7 16. Bb6 Nc6 17. c4 Kf7 18. cxb5 axb5 19. Kb1 b4 20. Nc4 Ne5 21. f3 d5 22. exd5 Bxd5 23. Nxe5+ fxe5 24. b3 Bd6 25. Bd3 Rhb8 26. Bf2 Ra5 27. Rd2 Rc8 28. Re1 Rc3 29. Be4 Kf6 30. Bh4+ g5 31. Bg3 h5 32. Rf1 Bc5 33. Be1 Bd4 34. Rd1 Re3 35. Bxb4 Rb5 36. Bd2 Bxb3 37. axb3 Rbxb3+ 38. Kc1 Re2 39. Rde1 Rxg2 40. f4 Rxh2 41. fxg5+ Kg7 42. g6 Rb2 43. Rf7+ Kg8 44. Bh6 Rb8 45. Rg7+ Kh8 46. Rb7 Rc8+ 47. Kb1 Rf2 48. Rc1 Rd8 49. Rcc7 Rf1+ 50. Kc2 Rf2+ 51. Kb3 Rb2+ 52. Kc4 Rxb7 53. Rxb7 Rc8+ 54. Kd3 h4 55. Bg5 h3 56. Rh7+ Kg8 57. Bf6 Rc3+ 58. Kd2 1-0

[Event "December 5 Late 2023"]
[Site "https://www.chess.com"]
[Date "2023.12.05"]
[Round "11"]
[White "Deac, Bogdan-Daniel"]
[Black "Pranav, V"]
[Result "1/2-1/2"]
[Board "5"]
[TimeControl "180+1"]
[WhiteFideId "1226380"]
[BlackFideId "25060783"]
[WhiteElo "3018"]
[BlackElo "3067"]
[WhiteTeam "ROU"]
[BlackTeam "IND"]
[WhiteClock "0:00:08"]
[BlackClock "0:00:05"]

1. d4 Nf6 2. c4 e6 3. Nc3 Bb4 4. e3 O-O 5. Bd2 b6 6. Nf3 Bb7 7. Bd3 d5 8. cxd5 exd5 9. Rc1 Nbd7 10. O-O a6 11. Ne5 Bd6 12. f4 c5 13. Be1 cxd4 14. exd4 Re8 15. Bh4 Be7 16. Qb3 b5 17. a4 b4 18. Ne2 Qb6 19. Kh1 Nf8 20. Bf2 Ne6 21. Be3 Bd6 22. Rcd1 Rac8 23. Ng3 Bf8 24. Nf5 Qd8 25. Ng3 Qb6 26. Nf5 a5 27. Bb5 Red8 28. Ng3 Ba6 29. Bxa6 Qxa6 30. f5 Nc7 31. Bg5 Nce8 32. Rc1 h6 33. Bh4 Be7 34. Rfe1 Bf8 35. h3 Qb6 36. Qd3 Qb7 37. Kh2 Be7 38. Nf3 Ne4 39. Bxe7 Qxe7 40. Rxc8 Rxc8 41. Nxe4 dxe4 42. Qxe4 Qd7 43. Qe5 Qxa4 44. Qe7 Qc6 45. Qa7 Nd6 46. Qxa5 b3 47. Qb4 Nxf5 48. Qxb3 Qd6+ 49. Kg1 Nxd4 50. Nxd4 Qxd4+ 51. Kh1 Qd6 52. Rf1 Rf8 53. Qb7 Qd2 54. Kg1 Qe3+ 55. Kh1 Qe6 56. b4 Rd8 57. b5 Rd2 58. Qb8+ Kh7 59. Qf4 Rb2 60. Qxf7 Qxf7 61. Rxf7 Rxb5 62. Ra7 Rg5 63. Kh2 Rc5 64. g4 Kg6 65. Kg3 Rc3+ 66. Kg2 Kf6 67. Ra5 g6 68. h4 Rc4 69. Kg3 Rc3+ 70. Kg2 Rc4 71. Kg3 Rc3+ 72. Kg2 1/2-1/2

[Event "December 5 Late 2023"]
[Site "https://www.chess.com"]
[Date "2023.12.05"]
[Round "11"]
[White "Oparin, Grigoriy"]
[Black "Miladinovic, Igor"]
[Result "0-1"]
[Board "6"]
[TimeControl "180+1"]
[WhiteFideId "24125890"]
[BlackFideId "4203380"]
[WhiteElo "3064"]
[BlackElo "2864"]
[WhiteTeam "USA"]
[BlackTeam "SRB"]
[WhiteClock "0:00:02"]
[BlackClock "0:00:07"]

1. d4 d5 2. c4 Nc6 3. Nf3 Bg4 4. Nc3 e6 5. e3 Nf6 6. h3 Bh5 7. Bd2 a6 8. a3 dxc4 9. Bxc4 Bd6 10. Be2 O-O 11. O-O Re8 12. Rc1 Bg6 13. Nh4 e5 14. d5 Ne7 15. Nxg6 Nxg6 16. e4 Nf4 17. Bf3 h6 18. Kh2 Qd7 19. Ne2 N4xd5 20. Qb3 Nb6 21. Rfd1 Qe6 22. Qc2 Rad8 23. Ng3 c6 24. Nf5 Bc7 25. b4 Nc8 26. a4 Nd6 27. Nxd6 Bxd6 28. Qb2 Bf8 29. Be3 Qe7 30. b5 Rxd1 31. Rxd1 axb5 32. axb5 c5 33. b6 Qe6 34. Qb5 Rc8 35. Be2 c4 36. Rc1 c3 37. Qd3 Qc6 38. f3 Nh5 39. g3 Bb4 40. Rc2 Qg6 41. Bf2 Qc6 42. Kg2 Nf6 43. h4 Nd7 44. Qb5 Qxb5 45. Bxb5 Nc5 46. Be1 Nb3 47. Ba4 Nd4 48. Rc1 Rc4 49. f4 c2 50. Bxb4 Rxb4 51. Bxc2 Rc4 52. Ra1 Rxc2+ 53. Kh3 h5 54. fxe5 Nf3 55. g4 hxg4+ 56. Kg3 Nxe5 57. Ra8+ Kh7 58. Ra7 Rc3+ 59. Kg2 Nd3 60. Rxb7 Nf4+ 61. Kf1 g3 62. Rc7 g2+ 63. Kg1 Rh3 64. Kf2 Rh1 65. Rc1 Rxc1 0-1

[Event "December 5 Late 2023"]
[Site "https://www.chess.com"]
[Date "2023.12.05"]
[Round "11"]
[White "Nepomniachtchi, Ian"]
[Black "Urazayev, Arystanbek"]
[Result "1-0"]
[Board "7"]
[TimeControl "180+1"]
[WhiteFideId "4168119"]
[BlackFideId "13709810"]
[WhiteElo "3096"]
[BlackElo "2795"]
[WhiteTeam "RUS"]
[BlackTeam "KAZ"]
[WhiteClock "0:02:20"]
[BlackClock "0:00:51"]

1. e4 e5 2. f4 exf4 3. Nf3 d6 4. Bc4 Nc6 5. d4 Nf6 6. Nc3 Nh5 7. Nd5 Be6 8. Qd3 g5 9. h4 Ng3 10. Rh2 gxh4 11. Bxf4 Bxd5 12. Bxd5 Qf6 13. Bg5 Qg7 14. Qb5 Be7 15. Bxc6+ Kf8 16. Qxb7 Bxg5 17. Qxa8+ Ke7 18. Qxa7 1-0

[Event "December 5 Late 2023"]
[Site "https://www.chess.com"]
[Date "2023.12.05"]
[Round "11"]
[White "Bluebaum, Matthias"]
[Black "Maksimovic, Bojan"]
[Result "1-0"]
[Board "8"]
[TimeControl "180+1"]
[WhiteFideId "24651516"]
[BlackFideId "14408120"]
[WhiteElo "3026"]
[BlackElo "2938"]
[WhiteTeam "GER"]
[BlackTeam "BIH"]
[WhiteClock "0:00:19"]
[BlackClock "0:00:00"]

1. d4 a6 2. c4 b5 3. Nc3 b4 4. Ne4 Nf6 5. Nxf6+ exf6 6. e4 a5 7. Nf3 Be7 8. Bd3 O-O 9. h4 d6 10. e5 dxe5 11. dxe5 Nc6 12. Qc2 h6 13. Bh7+ Kh8 14. Be4 Bb7 15. O-O fxe5 16. Rd1 Qc8 17. Bf5 Qb8 18. Be3 Ra6 19. c5 Nd4 20. Nxd4 exd4 21. Rxd4 Bf6 22. Rd2 Qa8 23. g3 Bh1 24. Bh3 Be4 25. Qc4 Bxh4 26. gxh4 Rg6+ 27. Kh2 Bf5 28. Qd5 Qxd5 29. Rxd5 Be4 30. Rd4 Bc6 31. h5 Rf6 32. Bd7 Bf3 33. Bg4 Bxg4 34. Rxg4 Rf5 35. Rh4 Rd8 36. Rg1 Rdd5 37. Rgg4 Rxh5 38. Rxh5 Rxh5+ 39. Kg3 f5 40. Rd4 g5 41. Kg2 f4 42. Bd2 Kg7 43. f3 Kf6 44. a3 Ke6 45. axb4 axb4 46. Bxb4 c6 47. Rd6+ Kf5 48. Rxc6 g4 49. fxg4+ Kxg4 50. Rg6+ Kf5 51. Rg8 Ke6 52. c6 f3+ 53. Kxf3 Rh3+ 54. Kg2 Rb3 55. c7 Rxb2+ 56. Kh3 Rb3+ 57. Kg2 Rb2+ 58. Kf1 Rb1+ 59. Ke2 Rxb4 60. c8=Q+ Kd5 61. Rd8+ Ke4 62. Qg4+ Ke5 63. Qxb4 h5 64. Qd4+ Ke6 65. Rh8 1-0

[Event "December 5 Late 2023"]
[Site "https://www.chess.com"]
[Date "2023.12.05"]
[Round "11"]
[White "Paravyan, David"]
[Black "Sattarov, Bobir"]
[Result "0-1"]
[Board "9"]
[TimeControl "180+1"]
[WhiteFideId "4194985"]
[BlackFideId "14203081"]
[WhiteElo "3004"]
[BlackElo "2776"]
[WhiteTeam "FID"]
[BlackTeam "UZB"]
[WhiteClock "0:00:00"]
[BlackClock "0:00:24"]

1. e4 e5 2. Nf3 Nc6 3. Bc4 Bc5 4. d3 d6 5. Nc3 h6 6. Na4 Qf6 7. Nxc5 dxc5 8. Be3 b6 9. c3 Nge7 10. a3 O-O 11. b4 cxb4 12. axb4 a5 13. O-O Bg4 14. b5 Nd8 15. d4 Ng6 16. h3 Be6 17. Be2 Nb7 18. Nxe5 Nxe5 19. dxe5 Qxe5 20. Qd4 f6 21. f4 Qxd4 22. cxd4 Nd6 23. d5 Bf7 24. e5 Nf5 25. Bf2 fxe5 26. Rfc1 Bxd5 27. Rxc7 Nd4 28. Bxd4 exd4 29. Rd7 Rfd8 30. Rxd8+ Rxd8 31. Kf2 Bb3 32. Bd3 Rc8 33. Re1 Kf7 34. Re4 a4 35. Rxd4 a3 36. Rd7+ Kf6 37. Ra7 a2 38. Ra6 Ke7 39. Ra7+ Kd6 40. Ra6 Rc1 41. Rxb6+ Kc7 42. Ra6 a1=Q 43. Rxa1 Rxa1 44. g4 Kb6 45. h4 Kc5 46. Ke3 Bc4 47. Bg6 Bxb5 48. Ke4 Kd6 49. f5 Ra4+ 50. Kf3 Ke5 51. g5 Rxh4 0-1

[Event "December 5 Late 2023"]
[Site "https://www.chess.com"]
[Date "2023.12.05"]
[Round "11"]
[White "Kazakouski, Valery"]
[Black "Naroditsky, Daniel"]
[Result "1-0"]
[Board "10"]
[TimeControl "180+1"]
[WhiteFideId "13507443"]
[BlackFideId "2026961"]
[WhiteElo "2852"]
[BlackElo "3149"]
[WhiteTeam "LTU"]
[BlackTeam "USA"]
[WhiteClock "0:00:06"]
[BlackClock "0:00:02"]

1. e4 c5 2. Nf3 d6 3. d4 cxd4 4. Nxd4 Nf6 5. Nc3 a6 6. Bd3 e5 7. Nde2 Be7 8. O-O O-O 9. Kh1 b5 10. f4 Nbd7 11. Ng3 g6 12. Be3 Bb7 13. Qf3 b4 14. Nd1 d5 15. Nf2 Rc8 16. Rae1 dxe4 17. Nfxe4 Nxe4 18. Bxe4 Bxe4 19. Qxe4 exf4 20. Bxf4 Bf6 21. Rd1 Re8 22. Qb7 Nc5 23. Qxb4 Qe7 24. Bd6 Qe6 25. Bxc5 a5 26. Qxa5 Bxb2 27. Rfe1 Qc4 28. Rxe8+ Rxe8 29. Bg1 Qxc2 30. Qd2 Qa4 31. Rb1 Bf6 32. Bc5 h5 33. a3 h4 34. Nf1 h3 35. Bb4 Qc6 36. Ng3 Rd8 37. Qf2 Bd4 38. Qf3 hxg2+ 39. Qxg2 Qe6 40. Re1 Qc4 41. Rd1 Re8 42. Ne4 Re6 43. Nd6 Qb3 44. Rxd4 Qb1+ 45. Qg1 Qc2 46. Qf1 Re2 47. Qxf7+ Kh8 48. Rh4# 1-0

[Event "December 5 Late 2023"]
[Site "https://www.chess.com"]
[Date "2023.12.05"]
[Round "11"]
[White "Andreikin, Dmitry"]
[Black "Gabuzyan, Hovhannes"]
[Result "0-1"]
[Board "11"]
[TimeControl "180+1"]
[WhiteFideId "4158814"]
[BlackFideId "13303732"]
[WhiteElo "3101"]
[BlackElo "2834"]
[WhiteTeam "FID"]
[BlackTeam "ARM"]
[WhiteClock "0:00:01"]
[BlackClock "0:00:48"]

1. b3 Nf6 2. Nf3 b6 3. g3 Bb7 4. Bg2 e6 5. Bb2 Be7 6. O-O O-O 7. c4 d5 8. cxd5 Nxd5 9. Nc3 c5 10. d4 Nd7 11. dxc5 Nxc5 12. Nb5 Ne4 13. Ne5 Nd6 14. Nd4 Rc8 15. Rc1 Bf6 16. Ng4 Rxc1 17. Nxf6+ Nxf6 18. Qxc1 Bxg2 19. Kxg2 Qa8+ 20. Qc6 Rc8 21. Qxa8 Rxa8 22. Nc6 Nd5 23. Rd1 f5 24. Ne7+ Nxe7 25. Rxd6 Rc8 26. Rxe6 Kf7 27. Re5 Rc2 28. Ba3 Nc6 29. Rxf5+ Ke6 30. Rg5 Rxa2 31. Bf8 g6 32. e4 Ne5 33. Bg7 Nd3 34. Bd4 Rd2 35. Be3 Rb2 36. Rb5 Ne1+ 37. Kh3 Nc2 38. Bxb6 axb6 39. Rxb6+ Ke5 40. Kg4 Kxe4 41. Re6+ Kd5 42. Re2 Ra2 43. Kg5 Kd4 44. Kh6 Kd3 45. Re7 Nd4 46. Rxh7 Ra6 47. Rd7 Ke4 48. Kg5 Nf3+ 49. Kh6 Nxh2 50. Re7+ Kf3 51. Rf7+ Kg2 52. Kg7 Ng4 53. f4 Kxg3 54. f5 g5 55. f6 Kf4 56. b4 Kf5 57. b5 Rb6 58. Rc7 Nxf6 59. Rc5+ Kf4 60. Rc4+ Ne4 61. Rb4 g4 62. Kf7 g3 63. Ke7 g2 64. Rb1 Nd2 65. Rg1 Kf3 0-1

[Event "December 5 Late 2023"]
[Site "https://www.chess.com"]
[Date "2023.12.05"]
[Round "11"]
[White "Bok, Benjamin"]
[Black "Holt, Conrad"]
[Result "1-0"]
[Board "12"]
[TimeControl "180+1"]
[WhiteFideId "1017063"]
[BlackFideId "2034387"]
[WhiteElo "2989"]
[BlackElo "2816"]
[WhiteTeam "NED"]
[BlackTeam "USA"]
[WhiteClock "0:00:04"]
[BlackClock "0:00:00"]

1. c4 c6 2. Nf3 d5 3. e3 Bg4 4. Qb3 Qc7 5. Ne5 Be6 6. d4 Nd7 7. Nxd7 Bxd7 8. Nc3 e6 9. e4 dxe4 10. Nxe4 Be7 11. Bd3 Nf6 12. O-O Nxe4 13. Bxe4 O-O 14. g3 e5 15. dxe5 Qxe5 16. Re1 Qa5 17. Bf4 Bb4 18. Bxh7+ Kxh7 19. Re5 Bc5 20. Qd3+ Kg8 21. Qxd7 Qb6 22. Qd2 Rad8 23. Qc2 Bd4 24. Re2 Rfe8 25. Rxe8+ Rxe8 26. Rb1 a5 27. b3 Qc5 28. Rd1 Bf6 29. Kg2 Qh5 30. Rd2 Qg4 31. h3 Qe6 32. Qd3 Qe7 33. Qf3 Qe1 34. Rd1 Qe6 35. Rd3 g6 36. Re3 Qd7 37. Rxe8+ Qxe8 38. h4 Bd8 39. Qd3 Bb6 40. Qf3 Qe6 41. Be3 Bxe3 42. Qxe3 Qd6 43. Qf3 Qd8 44. Qe3 Qd7 45. Qe5 Qd8 46. h5 gxh5 47. Qxh5 Kg7 48. Qg4+ Kf8 49. Qf4 Qd7 50. Qb8+ Kg7 51. Qe5+ Kg6 52. Qxa5 Qe7 53. Qc3 Qe4+ 54. Qf3 Qb1 55. a4 Qc2 56. Qe3 Kf6 57. a5 Kg6 58. Kg1 Kf6 59. Kh2 Kg6 60. Qb6 f6 61. Kg2 Qe4+ 62. Kg1 Qf3 63. Qxb7 Qd1+ 64. Kg2 Qd3 65. Qxc6 Qxb3 66. a6 Qa3 67. Qb7 1-0

[Event "December 5 Late 2023"]
[Site "https://www.chess.com"]
[Date "2023.12.05"]
[Round "11"]
[White "Martinez Alcantara, Jose Eduardo"]
[Black "Korchmar, Vasiliy"]
[Result "1-0"]
[Board "13"]
[TimeControl "180+1"]
[WhiteFideId "3805662"]
[BlackFideId "24131750"]
[WhiteElo "2986"]
[BlackElo "2811"]
[WhiteTeam "PER"]
[BlackTeam "RUS"]
[WhiteClock "0:02:08"]
[BlackClock "0:00:11"]

1. a4 d5 2. e3 e5 3. d4 e4 4. c4 c6 5. Nc3 Nf6 6. Qb3 Be7 7. Nge2 Na6 8. cxd5 cxd5 9. Nf4 Nc7 10. h4 O-O 11. Bd2 Bd6 12. Nfxd5 Nfxd5 13. Nxd5 Be6 14. Bc4 Rc8 15. Nc3 Bxc4 16. Qxc4 Ne6 17. Qd5 Qb6 18. Qb5 Qc7 19. Nxe4 Nxd4 20. exd4 Qe7 21. f3 Rc2 22. Kd1 Rfc8 23. Rc1 Rxc1+ 24. Bxc1 Qc7 25. Nc3 a6 26. Qd3 Rd8 27. Kc2 b5 28. axb5 axb5 29. Qxb5 Rb8 30. Qd5 Bb4 31. Re1 h6 32. Qe5 Qa7 33. Re3 Rc8 34. Qb5 Qxd4 35. Re8+ 1-0